 Dungeon Crawl Stone Soup version 0.27.1-34-g3ba077fa99 (webtiles) character file.

Game seed: 5839138544211305754

2601 Atelerd the Digger (level 9, -2/54 HPs)
             Began as an Octopode Earth Elementalist on Jan 4, 2022.
             Was a Follower of Sif Muna.
             Slain by a killer bee (9 damage)
             ... on level 9 of the Dungeon.
             The game lasted 00:10:13 (8431 turns).

Atelerd the Digger (Octopode Earth Elementalist)    Turns: 8431, Time: 00:10:13

Health: -2/54      AC:  1    Str: 14    XL:     9   Next: 59%
Magic:  15/18      EV: 13    Int: 20    God:    Sif Muna [*.....]
Gold:   404        SH:  5    Dex: 12    Spells: 10/20 levels left

rFire    + . .     SeeInvis .   m - +3 short sword
rCold    + . .     Faith    .   e - +0 buckler
rNeg     + . .     Spirit   .   (helmet restricted)
rPois    +         Reflect  .   (no amulet)
rElec    +         Harm     .   n - ring of positive energy
rCorr    +         Rampage  .   t - +6 ring of strength
Will     .....                  u - ring of wizardry
Stlth    ++++......             (no ring)
HPRegen  0.18/turn              (no ring)
MPRegen  0.16/turn              (no ring)
                                (no ring)
                                (no ring)

@: lethally poisoned (-2 -> -7), resistant, very slightly contaminated,
invisible
A: almost no armour, amphibious, 8 rings, camouflage 1, gelatinous body 1,
(nimble swimmer 1), tentacles
a: Renounce Religion, Channel Magic


You were on level 9 of the Dungeon.
You worshipped Sif Muna.
Sif Muna was aware of your devotion.
You visited 2 branches of the dungeon, and saw 10 of its levels.

You collected 404 gold pieces.

Inventory:

Hand Weapons
 c - a +0 dagger
 m - a +3 short sword (weapon)
 s - a +4 falchion
Missiles
 b - 89 stones
Armour
 e - a +0 buckler (worn)
Jewellery
 n - a ring of positive energy (left tentacle)
 t - a +6 ring of strength (right tentacle)
 u - a ring of wizardry (on tentacle)
Wands
 a - a wand of digging (5)
 v - a wand of flame (15)
Scrolls
 f - 2 scrolls of enchant weapon
 g - a scroll of amnesia
 h - 2 scrolls of enchant armour
 i - 2 scrolls of noise
 j - a scroll of magic mapping {unknown}
 p - 4 scrolls of teleportation
 q - a scroll of torment {unknown}
 w - a scroll of vulnerability {unknown}
Potions
 k - 2 potions of cancellation
 l - a potion of flight
 o - a potion of mutation {unknown}
 r - a potion of resistance


   Skills:
 + Level 1.9 Fighting
 + Level 1.8 Short Blades
 + Level 2.8 Dodging
 - Level 5.0 Stealth
 - Level 4.0 Shields
 + Level 6.3 Spellcasting
 - Level 2.0 Conjurations
 - Level 2.0 Translocations
 - Level 2.0 Transmutations
 - Level 2.0 Air Magic
 + Level 7.3 Earth Magic
 - Level 2.0 Poison Magic
 + Level 3.0 Invocations


You had 10 spell levels left.
You knew the following spells:

 Your Spells              Type           Power      Damage    Failure   Level
a - Sandblast             Erth           70%        2d15      1%          1
b - Mephitic Cloud        Conj/Pois/Air  14%        N/A       6%          3
c - Blink                 Tloc           N/A        N/A       2%          2
p - Petrify               Tmut/Erth      25%        N/A       6%          4

Your spell library contained the following spells:

 Spells                   Type           Power      Damage    Failure   Level
 Magic Dart               Conj           56%        1d5       1%          1
 Passwall                 Tmut/Erth      20%        N/A       1%          2
 Stone Arrow              Conj/Erth      50%        3d10      1%          3
 Call Imp                 Summ           6%         N/A       6%          2
 Lesser Beckoning         Tloc           7%         N/A       6%          3
 Manifold Assault         Tloc           14%        N/A       43%         5


Dungeon Overview and Level Annotations

Branches:
Dungeon (9/15)             Temple (1/1) D:5
   Lair: D:8-11         Orc: D:9-12

Altars:
Cheibriados
Elyvilon
Hepliaklqana
Makhleb
Nemelex Xobeh
Qazlal
Sif Muna
Uskayaw
Wu Jian
Xom
Yredelemnul
Zin

Shops:
D:2 =

Annotations:
D:3 2 transporters, exclusion: downstairs
D:5 1 runed translucent door, Crazy Yiuf
D:8 Grum


Innate Abilities, Weirdness & Mutations

You cannot wear most types of armour.
You are amphibious.
You can wear up to eight rings at the same time.
Your skin changes colour to match your surroundings (Stealth+).
Your rubbery body absorbs attacks. (AC +1, EV +1)
((You are camouflaged near water. (Stealth+)))
You have tentacles for arms and can constrict up to eight enemies at once.


Message History

Confirm with . or Enter, or press ? or * to list all spells.
Aiming: Sandblast (safe; 1% risk of failure)
Press: ? - help, Shift-Dir - straight line, f/p - killer bee
Aim: a killer bee (almost dead, 63% to hit)
The blast of sand hits the killer bee!
You kill the killer bee!
Sif Muna accepts your kill.
A killer bee comes into view.
Casting: Sandblast (safe; 1% risk of failure)
Confirm with . or Enter, or press ? or * to list all spells.
Aiming: Sandblast (safe; 1% risk of failure)
Press: ? - help, Shift-Dir - straight line, f - killer bee
Aim: a killer bee (63% to hit)
The blast of sand misses the killer bee.
You hear an angry buzzing noise.
A killer bee comes into view. x2
The killer bee stings you!
* * * LOW HITPOINT WARNING * * *
You hear a shout!
Casting: Sandblast (safe; 1% risk of failure)
Confirm with . or Enter, or press ? or * to list all spells.
Aiming: Sandblast (safe; 1% risk of failure)
Press: ? - help, Shift-Dir - straight line, f/p - killer bee
Aim: a killer bee (63% to hit)
The blast of sand hits the killer bee!
The killer bee is almost dead.
You block the killer bee's attack. The killer bee stings you.
* * * LOW HITPOINT WARNING * * *
You are poisoned.
The killer bee poisons you!
Unknown command.
You fade into invisibility!
You feel sick. The killer bee closely misses you.
You are very lightly contaminated with residual magic.
It was a potion of resistance.
You feel protected.
You feel sick.
The killer bee stings you but does no damage.
The killer bee stings you!
You die...

...#.# #.# #..#.
#.# #... #.#
#..#####.#
#........#
#.######.# . #.#
#.# ..#######.#
#.#######
.........<#
#@y$....#
......)..##
#y#####.#
.........# #y#
.##Z.....# #y#
#..............#
#.######.#.#≈≈≈≈
... ....≈###.
>... ...≈ ##
.##. #.###≈


You could see 4 killer bees.

Vanquished Creatures
  A hornet (D:7)
  Eustachio (D:5)
  Menkaure (D:5)
  2 water moccasins
  A sky beast (D:6)
  4 black bears
  2 centaurs
  A phantom (D:4)
  A kobold brigand (D:6)
  2 bullfrogs (D:6)
  3 scorpions
  4 killer bees (D:9)
  A wight (D:7)
  A bullfrog zombie (D:6)
  2 hounds (D:5)
  A bullfrog skeleton (D:6)
  A jelly (D:7)
  2 centaur skeletons (D:7)
  A gnoll shaman (D:4)
  An iguana (D:7)
  An orc priest (D:5)
  3 orc wizards
  A hound skeleton (D:5)
  Robin (D:4)
  A howler monkey skeleton (D:4)
  5 gnolls (D:4)
  9 adders
  A white imp (D:7)
  4 ufetubi
  An adder skeleton (D:4)
  2 worms (D:2)
  2 dart slugs
  10 orcs
  3 bats
  2 endoplasms
  5 giant cockroaches
  14 goblins
  4 hobgoblins
  2 jackals (D:1)
  2 quokkas
  5 ball pythons
  4 frilled lizards
  11 kobolds
  7 rats
133 creatures vanquished.

Notes
Turn   | Place    | Note
-------+----------+-------------------------------------------
     0 | D:1      | Atelerd the Octopode Earth Elementalist began the quest for
                  | the Orb.
     0 | D:1      | Reached XP level 1. HP: 11/11 MP: 3/3
   438 | D:1      | Reached XP level 2. HP: 17/17 MP: 3/5
   822 | D:1      | Learned a level 2 spell: Blink
   954 | D:2      | Found an ornate altar of the Wu Jian Council.
   968 | D:2      | Reached XP level 3. HP: 18/21 MP: 1/6
  1112 | D:2      | Found Tarol's Jewellery Boutique.
  1552 | D:2      | Reached skill level 1 in Translocations
  2098 | D:3      | Found a transporter.
  2128 | D:3      | Found a transporter.
  2145 | D:3      | Reached XP level 4. HP: 18/27 MP: 3/7
  2291 | D:3      | Found a sparkling altar of Nemelex Xobeh.
  2386 | D:3      | Found a shimmering altar of Xom.
  2928 | D:4      | Reached XP level 5. HP: 26/31 MP: 1/8
  3465 | D:4      | Noticed a black bear
  3470 | D:4      | Killed a black bear
  3471 | D:4      | Reached skill level 5 in Stealth
  3471 | D:4      | Reached skill level 1 in Shields
  3471 | D:4      | Reached skill level 4 in Earth Magic
  3471 | D:4      | Reached XP level 6. HP: 28/36 MP: 8/10
  3627 | D:4      | Noticed Robin
  3635 | D:4      | Killed Robin
  4292 | D:5      | Entered Level 5 of the Dungeon
  4386 | D:5      | Reached XP level 7. HP: 11/41 MP: 1/12
  4636 | D:5      | Found a staircase to the Ecumenical Temple.
  4647 | D:5      | Noticed Menkaure
  4659 | Temple   | Entered the Ecumenical Temple
  4688 | Temple   | Became a worshipper of Sif Muna the Loreminder
  4711 | D:5      | Noticed Eustachio
  4716 | D:5      | Killed Menkaure
  4717 | D:5      | Reached skill level 5 in Earth Magic
  4811 | Temple   | Learned a level 4 spell: Petrify
  4982 | D:5      | Killed Eustachio
  5449 | D:5      | Found a runed translucent door.
  5450 | D:5      | Noticed Crazy Yiuf
  5668 | D:6      | Reached XP level 8. HP: 46/46 MP: 6/15
  5761 | D:6      | Reached skill level 6 in Earth Magic
  5838 | D:6      | Reached skill level 5 in Spellcasting
  5984 | D:6      | Learned a level 3 spell: Mephitic Cloud
  6181 | D:6      | Noticed a +0 dagger
  6183 | D:6      | Noticed a +0 short sword
  6183 | D:6      | Noticed a +0 spear
  6184 | D:6      | Noticed a +0 falchion
  6184 | D:6      | Noticed a +0 spear
  6184 | D:6      | Noticed a +0 falchion
  6184 | D:6      | Noticed a +0 dagger
  6184 | D:6      | Noticed a +0 short sword
  6186 | D:6      | Found a hide-covered altar of Uskayaw.
  6524 | D:6      | Reached skill level 1 in Invocations
  6641 | D:6      | Reached skill level 1 in Poison Magic
  6713 | D:6      | Reached skill level 1 in Conjurations
  6713 | D:6      | Reached skill level 1 in Air Magic
  7047 | D:7      | Reached skill level 7 in Earth Magic
  7052 | D:7      | Reached XP level 9. HP: 51/51 MP: 12/17
  7148 | D:7      | Reached * piety under Sif Muna
  7229 | D:7      | Noticed a hornet
  7245 | D:7      | Killed a hornet
  7348 | D:7      | Reached skill level 1 in Fighting
  7348 | D:7      | Reached skill level 1 in Short Blades
  7737 | D:7      | Found a stormy altar of Qazlal.
  8045 | D:8      | Noticed Grum
  8351 | D:9      | Noticed a hornet
  8352 | D:9      | Noticed a troll
  8431 | D:9      | Slain by a killer bee

Illustrated notes

Levels and vault maps discovered:
D:1:      nicolae_arrival_somewhat_less_tricky_arrival, layout_basic
D:2:      layout_loops_ring, basic_altar, serial_shops, shop
D:3:      gammafunk_steamed_eel, layout_basic, nicolae_overflow_hidden_temple,
          mainiacjoe_overflow_small_starburst
D:4:      layout_basic, chequers_serial_rivers_micro_e, uniq_robin
D:5:      layout_rooms, minmay_temple_entry_statues_pillars,
          uniq_crazy_yiuf_cottage, uniq_menkaure, uniq_eustachio
D:6:      minmay_skewed_foursquare, layout_loops_ring,
          nicolae_uskayaw_en_pointe, gup_sewer_entry_glass
D:7:      layout_loops_cross, nicolae_qazlal_style_of_elements,
          kennysheep_generic_room_7
D:8:      layout_loops_ring, ashenzari_altar_1,
          lemuel_mausoleum_altar_kikubaaqudgha, uniq_grum, uniq_harold,
          uniq_erica
D:9:      layout_loops_ring, erik_lair_island, lightli_bailey_entry_fortress,
          minmay_shattered_shrine
Temple:   compressed_dpeg_circular_temple

Skill      XL: |  1  2  3  4  5  6  7  8  9 |
---------------+----------------------------+-----
Stealth        | 3 4 5 |  5.0
Translocations | 1 2 |  2.0
Transmutations | 2 |  2.0
Shields        | 1 2 3 4 |  4.0
Spellcasting   | 3 4 5 6 |  6.3
Earth Magic    | 4 5 7 |  7.3
Invocations    | 1 3 |  3.0
Poison Magic   | 1 2 |  2.0
Conjurations   | 1 2 |  2.0
Air Magic      | 1 2 |  2.0
Fighting       | 1 |  1.9
Short Blades   | 1 |  1.8
Dodging        | |  2.8

Action                   |  1- 3 |  4- 6 |  7- 9 || total
-------------------------+-------+-------+-------++-------
Melee: Unarmed           |     2 |       |       ||     2
       Constrict         |    13 |    10 |    13 ||    36
       Dagger            |    33 |     9 |       ||    42
       Tentacles         |     3 |    10 |     8 ||    21
       Short sword       |       |    21 |    48 ||    69
 Cast: Sandblast         |    46 |    59 |   102 ||   207
       Petrify           |       |       |     4 ||     4
  Use: Potion            |       |     2 |     3 ||     5
       Scroll            |       |       |     6 ||     6
 Stab: Sleeping          |     4 |     4 |     7 ||    15
       Petrified         |       |       |     6 ||     6
Armor: Skin              |     2 |     3 |     9 ||    14
Dodge: Dodged            |    30 |    35 |    97 ||   162
Block: Buckler           |       |       |    15 ||    15
